 Dungeon Crawl Stone Soup version 0.28-a0-305-g9e858e973b (webtiles) character file.

Game seed: 3512605392449785109

117 Shayle the Ducker (level 5, 0/40 HPs)
             Began as a Djinni Warper on Aug 29, 2021.
             Slain by a phantom (6 damage)
             ... on level 3 of the Dungeon.
             The game lasted 00:05:03 (2818 turns).

Shayle the Ducker (Djinni Warper)                   Turns: 2818, Time: 00:05:03

Health: 0/40       AC:  4    Str: 10    XL:     5   Next: 22%
Gold:   81         EV: 12    Int: 16    God:
                   SH:  0    Dex: 12

rFire   + + .      SeeInvis .   j - +1 dagger (venom)
rCold   x . .      Faith    .   (no shield)
rNeg    . . .      Spirit   .   a - +0 leather armour
rPois   ∞          Reflect  .   (no helmet)
rElec   .          Harm     .   (no cloak)
rCorr   .          Rampage  .   f - +0 pair of gloves
Will    .....                   (boots unavailable)
Stlth   +.........              (no amulet)
HPRegen 0.13/turn               (no ring)
MPRegen 0.00/turn               (no ring)

@: mighty, attractive, flying
A: sickness immunity, fire resistance 2, cold vulnerability 1, float, innate
caster, hp casting, extra vitality 1
a: no special abilities


You were on level 3 of the Dungeon.
You visited 1 branch of the dungeon, and saw 3 of its levels.

You collected 81 gold pieces.

Inventory:

Hand Weapons
 j - a +1 dagger of venom (weapon)
Missiles
 c - 5 boomerangs of dispersal (quivered)
 h - 8 boomerangs
Armour
 a - a +0 leather armour (worn)
 f - a +0 pair of gloves (worn)
Scrolls
 b - a scroll of blinking
 d - 4 scrolls of magic mapping {unknown}
 g - 2 scrolls of immolation
 i - a scroll of fog
Potions
 e - a potion of lignification {unknown}
 m - a potion of attraction


   Skills:
 + Level 3.0 Fighting
 - Level 0.7 Throwing
 - Level 1.0 Armour
 * Level 4.1 Dodging
 + Level 3.0 Unarmed Combat
 - Level 2.4 Spellcasting


You couldn't memorise any spells.
You knew the following spells:

 Your Spells              Type           Power      Damage    Failure   Level
a - Blink                 Tloc           N/A        N/A       16%         2
b - Lesser Beckoning      Tloc           9%         N/A       30%         3
c - Gell's Gravitas       Tloc           4%         N/A       30%         3
d - Teleport Other        Tloc           9%         N/A       30%         3
e - Manifold Assault      Tloc           9%         N/A       95%         5
f - Sting                 Tmut/Pois      36%        1d4       10%         1
g - Corpse Rot            Necr/Air       N/A        N/A       16%         2
Your spell library was empty.

Dungeon Overview and Level Annotations

Branches:
Dungeon (3/15)

Altars:


Innate Abilities, Weirdness & Mutations

You are immune to sickness and miasma.
You are immune to poison.
Your flesh is very heat resistant. (rF++)
You are vulnerable to cold. (rC-)
You float through the air rather than walking.
You learn spells naturally, not from books.
Your magical power is your life essence.
You have superior vitality. (+4 HP)


Message History

The phantom is moderately damaged.
The phantom hits you!
You closely miss the phantom.
The phantom is moderately damaged.
The phantom hits you.
You hit the phantom but do no damage.
The phantom is moderately damaged.
The phantom hits you.
You hit the phantom.
The phantom is heavily damaged.
The phantom misses you.
You hit the phantom.
The phantom is severely damaged.
The phantom completely misses you.
You hit the phantom.
The phantom is severely damaged.
The phantom hits you.
* * * LOW HITPOINT WARNING * * *
The phantom blinks!
You blink.
You feel better. The phantom hits you.
The phantom blinks!
You blink.
You closely miss the phantom.
The phantom is severely damaged.
The phantom hits you!
* * * LOW HITPOINT WARNING * * *
The phantom blinks!
You blink.
You hit the phantom.
The phantom is severely damaged.
The phantom hits you.
* * * LOW HITPOINT WARNING * * *
The phantom blinks!
You blink.
You feel better. The phantom hits you!
* * * LOW HITPOINT WARNING * * *
The phantom blinks!
You blink.
It was a potion of attraction.
You feel attractive to monsters. The phantom closely misses you.
It was a potion of might.
You feel very mighty all of a sudden. The phantom hits you.
You die...

............##...>..##≈≈.....:...
........##.........##≈..≈≈≈≈≈...
##.##.....#........##≈≈..≈....♣..
..................[.#≈...≈)♣.≈...
...#####..#........##≈..♣....≈..≈
# ##........)))+.)..≈≈≈≈≈..≈ #
##..........#≈.........≈≈ ##
##........##≈≈.......≈≈# .####
#....W@...##≈≈....≈≈≈##
....#######.........###≈≈.≈≈≈###
.........§.........## ###'####
..............###### #..###
....##...#...## ########....#
...(##.....#..###...........#
....................####....#
#...§.............### #.####
..###...........### #.#


You could see a phantom.

Vanquished Creatures
  An orc wizard (D:3)
  2 adders
  A gnoll (D:1)
  A dart slug (D:1)
  4 orcs (D:3)
  3 ball pythons
  5 bats
  2 endoplasms
  A giant cockroach (D:1)
  10 goblins
  8 hobgoblins
  6 kobolds
  A quokka (D:2)
  2 frilled lizards (D:1)
  8 rats
55 creatures vanquished.

Notes
Turn   | Place    | Note
-------+----------+-------------------------------------------
     0 | D:1      | Shayle the Djinni Warper began the quest for the Orb.
     0 | D:1      | Reached XP level 1. HP: 18/18 MP: 0/0
   339 | D:1      | Reached XP level 2. HP: 23/23 MP: 0/0
   568 | D:1      | Found a faded altar of an unknown god.
   892 | D:1      | Reached skill level 3 in Dodging
   892 | D:1      | Reached XP level 3. HP: 27/29 MP: 0/0
   892 | D:1      | Learned a level 1 spell: Sting
  1792 | D:2      | Reached XP level 4. HP: 34/34 MP: 0/0
  2577 | D:3      | Reached skill level 4 in Dodging
  2577 | D:3      | Reached XP level 5. HP: 31/40 MP: 0/0
  2577 | D:3      | Learned a level 2 spell: Corpse Rot
  2669 | D:3      | Noticed a phantom
  2815 | D:3      | HP: 1/40 [phantom (5)]
  2818 | D:3      | Slain by a phantom

Illustrated notes

Levels and vault maps discovered:
D:1:      lightli_arrival_lavapool, layout_loops_ring,
          hellmonk_ecumenical_altar_blasted, minmay_heptomino_d4
D:2:      layout_loops_ring
D:3:      layout_rooms, kennysheep_potato

Skill      XL: |  1  2  3  4  5 |
---------------+----------------+-----
Dodging        | 3 4 |  4.1
Fighting       | 3 |  3.0
Unarmed Combat | 3 |  3.0
Throwing       | |  0.7
Armour         | |  1.0
Spellcasting   | |  2.4

Action                   |  1- 3 |  4- 6 || total
-------------------------+-------+-------++-------
Melee: Unarmed           |    69 |       ||    69
       Dagger            |    62 |    86 ||   148
       Punch             |     1 |       ||     1
  Use: Scroll            |       |     6 ||     6
       Potion            |       |     4 ||     4
Armor: Leather armour    |    28 |    22 ||    50
Dodge: Dodged            |    80 |    70 ||   150

Table legend: (Time is in decaauts)
 A = Elapsed time spent in this place.
 B = Non-inter-level travel time spent in this place.
 C = Inter-level travel time spent in this place.
 D = Time resting spent in this place.
 E = Time spent auto-exploring this place.
 F = Levels seen in this place.
 G = Mean time per level.
                   A        B        C        D        E       F      G
               +--------+--------+--------+--------+--------+-----+--------+
         Total |   2814 |   2734 |     80 |    127 |   2002 |   3 |  938.0 |
       Dungeon |   2814 |   2734 |     80 |    127 |   2002 |   3 |  938.0 |
               +--------+--------+--------+--------+--------+-----+--------+

Top non-repeatable levels by time:
     D:1: 1367 daAuts
     D:2: 916 daAuts
     D:3: 529 daAuts
